Map: Dreamcatcher LE

Players

Scarlett

  • Race: Zerg Zerg
  • Spawn Location: 5:00

Nerchio - Winner!

  • Race: Zerg Zerg
  • Spawn Location: 11:00

Event: WCS Austin 2018

VOD

Have the link to the VOD?

Description

Time

  • Played on: June 2, 2018, 4:13 p.m.
  • Length: 6:05

All games in this series

Show
View Real Time Build Order
Export as new Build Order

Scarlett Zerg 

Build Orders: 1 Base Baneling Bust, Pool First 

Get SALT Encoding   

  12  0:00  Drone  
  13  0:11  Extractor  
  12  0:23  Spawning Pool  
  12  0:28  Drone  
  12  0:33  Drone  
  13  0:38  Drone  
  14  0:50  Overlord  
  14  1:09  Zergling x4  
  14  1:11  Metabolic Boost  
  16  1:14  Zergling x2  
  17  1:22  Zergling x2  
  18  1:30  Baneling Nest  
  18  1:32  Zergling x2  
  18  1:43  Zergling x2  
  19  1:52  Queen  
  21  1:56  Zergling x2  
  22  2:16  Baneling  
  22  2:18  Overlord  
  22  2:22  Baneling  
  22  2:23  Baneling  
  20  2:44  Zergling x4  
  20  2:46  Baneling  
  20  2:51  Hatchery  
  21  2:58  Zergling x2  
  21  3:07  Drone x2  
  21  3:13  Baneling  
  21  3:14  Drone  
  21  3:15  Drone  
  21  3:19  Drone  
  24  3:25  Drone  
  25  3:27  Baneling  
  25  3:32  Drone  
  25  3:34  Drone  
  25  3:38  Drone  
  27  3:42  Drone  
  28  3:50  Overlord  
  28  4:03  Drone  
  28  4:04  Drone x3  
  28  4:06  Drone  
  33  4:13  Overlord  
  33  4:18  Queen  
  35  4:27  Drone x3  
  38  4:37  Evolution Chamber  
  37  4:39  Zergling x2  
  38  4:47  Hatchery  
  38  4:48  Zergling x2  
  39  4:52  Zergling x2  
  39  4:53  Zergling x2  
  39  4:55  Zergling x2  
  39  4:57  Zergling x2  
  42  5:02  Zergling x4  
  44  5:09  Zergling x8  
  44  5:11  Baneling x2  
  44  5:12  Baneling  
  48  5:16  Baneling  
  48  5:20  Zergling x4  
  50  5:28  Hatchery  
  50  5:31  Baneling x2  
  50  5:34  Drone x2  
  50  5:35  Overlord  
Show
View Real Time Build Order
Export as new Build Order

Nerchio Zerg - Winner!

Build Orders: Pool First 

Get SALT Encoding   

  12  0:00  Drone  
  13  0:12  Overlord  
  13  0:17  Drone  
  14  0:30  Drone x2  
  14  0:35  Drone  
  17  0:42  Extractor  
  16  0:46  Spawning Pool  
  15  0:50  Drone  
  15  0:56  Drone  
  17  1:17  Hatchery  
  16  1:21  Drone  
  17  1:32  Queen  
  19  1:36  Zergling x2  
  20  1:43  Zergling x2  
  20  1:44  Zergling x2  
  22  1:51  Spine Crawler  
  21  1:58  Overlord  
  21  2:02  Zergling x2  
  22  2:16  Queen  
  22  2:18  Zergling x2  
  22  2:21  Zergling x2  
  26  2:30  Queen  
  26  2:34  Zergling x2  
  28  2:39  Zergling x2  
  28  2:41  Zergling x2  
  26  2:45  Zergling x2  
  26  2:47  Zergling x2  
  28  2:52  Zergling x2  
  28  3:03  Baneling Nest  
  27  3:05  Zergling x2  
  27  3:09  Drone  
  27  3:13  Drone  
  27  3:16  Drone  
  29  3:20  Drone  
  29  3:23  Drone  
  31  3:30  Metabolic Boost  
  31  3:34  Drone  
  32  3:38  Drone  
  33  3:43  Overlord  
  33  3:46  Drone  
  34  3:49  Drone  
  34  3:54  Overlord  
  35  3:59  Baneling x2  
  36  4:02  Drone  
  36  4:03  Drone  
  36  4:06  Drone  
  38  4:10  Drone  
  38  4:12  Drone  
  38  4:13  Drone  
  38  4:16  Drone  
  42  4:23  Queen  
  44  4:26  Drone  
  44  4:29  Overlord  
  45  4:35  Drone  
  45  4:36  Evolution Chamber  
  45  4:37  Drone  
  46  4:42  Zergling x2  
  46  4:43  Zergling x4  
  46  4:45  Zergling x2  
  50  4:47  Zergling x2  
  50  4:50  Overlord  
  51  4:57  Overlord  
  51  5:07  Overlord  
  51  5:10  Hatchery  
  51  5:11  Baneling x3  
  50  5:17  Drone  
  51  5:22  Drone x3  
  52  5:33  Drone x2  
  54  5:37  Roach Warren  
  54  5:39  Drone  
  53  5:44  Drone x2  
  53  5:45  Drone  
  53  5:47  Drone x2  
  62  5:59  Extractor  
  62  6:00  Extractor  
Tags
 
Add a new tag
Caveats
  • Supply blocks, unpowered buildings, or Contaminate may cause inaccurate times.
  • Supply counts are checked every 10 seconds.